 Dungeon Crawl Stone Soup version 0.30.1-4-g462c640d31 (webtiles) character file.

Game seed: 9974953618648510122

15815 Arctor the Fighter (level 12, -7/123 HPs)
             Began as a Pale Draconian Transmuter on Sept 5, 2023.
             Was an Initiate of Ashenzari.
             Mangled by an orc knight
             ... wielding a +0 war axe
              (37 damage)
             ... on level 1 of the Orcish Mines.
             The game lasted 00:24:24 (14322 turns).

Arctor the Fighter (Pale Draconian Transmuter)     Turns: 14322, Time: 00:24:24

Health: -7/123     AC:  9    Str: 14      XL:     12   Next: 4%
Magic:  26/26      EV: 17    Int: 22 (23) God:    Ashenzari [......]
Gold:   1086       SH:  5    Dex: 12      Spells: 16/26 levels left

rFire   x .          .
                       - Unarmed
rCold   + + +        (shield currently unavailable)
rNeg    . . .        (body armour unavailable)
rPois   +            (helmet currently unavailable)
rElec   .            (cloak currently unavailable)
rCorr   .            C - melded +0 pair of gloves
SInv    +            o - melded +2 pair of boots
Will    .....        j - amulet of reflection
Stlth   +            n - +5 ring of evasion
HPRegen 0.40/turn    E - +6 ring of intelligence
MPRegen 0.20/turn

%: reflection
@: ice-form
A: freezing attack, amphibious, boosted hp, (breathe steam), AC +8, large,
unfitting armour, (cold-blooded), (steam resistance), (claws 1), see invisible,
high MP 1
a: End Transformation, Renounce Religion, Curse Item


You were on level 1 of the Orcish Mines.
You worshipped Ashenzari.
Ashenzari was noncommittal.
You were a creature of crystalline ice.
You visited 3 branches of the dungeon, and saw 14 of its levels.
You also visited: Ossuary.

You collected 1086 gold pieces.

Inventory:

Missiles
 m - 3 datura-tipped darts
 q - 12 boomerangs
 G - 21 poisoned darts
Armour
 o - a +2 pair of boots (melded)
 C - a +0 pair of gloves (melded)
Magical Staves
 p - a staff of conjuration
Jewellery
 d - a ring of protection from fire
 i - a ring of magical power
 j - an amulet of reflection (around neck)
 k - a ring of wizardry
 n - a +5 ring of evasion (left front paw)
 E - a +6 ring of intelligence (right front paw)
Wands
 c - a wand of paralysis (9)
 y - a wand of quicksilver (10)
 B - a wand of flame (49)
 H - a wand of polymorph (1)
Scrolls
 h - 2 scrolls of fear
 t - a scroll of enchant weapon
 u - 2 scrolls of blinking
 w - 2 scrolls of magic mapping
 x - a scroll of poison
 A - 3 scrolls of teleportation
 D - 2 scrolls of identify
 F - a scroll of noise
 I - a scroll of torment
Potions
 a - 2 potions of lignification
 b - 4 potions of degeneration
 e - 4 potions of mutation
 f - a potion of resistance
 l - 3 potions of brilliance
 r - 7 potions of curing
 s - 2 potions of flight
 v - 2 potions of ambrosia
 z - 2 potions of attraction


   Skills:
 + Level 8.7 Fighting
 + Level 3.0 Throwing
 + Level 7.7 Dodging
 + Level 8.5 Unarmed Combat
 + Level 7.7 Spellcasting
 + Level 8.3 Transmutations
 - Level 6.1 Ice Magic
 + Level 4.5 Evocations


You had 16 spell levels left.
You knew the following spells:

 Your Spells              Type           Power      Damage    Failure   Level
a - Beastly Appendage     Tmut           90%        N/A       1%          1
b - Spider Form           Tmut/Pois      26%        N/A       4%          3
c - Ice Form              Ice/Tmut       40%        N/A       3%          4
d - Blink                 Tloc           16%        N/A       12%         2

Your spell library contained the following spells:

 Spells                   Type           Power      Damage    Failure   Level
 Wereblood                Tmut           45%        N/A       1%          2
 Ozocubu's Armour         Ice            35%        N/A       1%          3
 Summon Small Mammal      Summ           32%        N/A       8%          1
 Call Imp                 Summ           16%        N/A       12%         2
 Poisonous Vapours        Pois/Air       16%        N/A       12%         2
 Mephitic Cloud           Conj/Pois/Air  8%         N/A       22%         3
 Vhi's Electric Charge    Tloc/Air       16%        N/A       22%         3
 Metabolic Englaciation   Hex/Ice        11%        N/A       52%         5
 Manifold Assault         Tloc           8%         N/A       58%         4
 Freezing Cloud           Conj/Ice/Air   8%         6-21      65%         5
 Arcjolt                  Conj/Air       4%         1d14      91%         5
 Simulacrum               Ice/Necr       11%        N/A       97%         6
 Plasma Beam              Fire/Air       4%         2x1d15    100%        6
 Haunt                    Necr/Summ      4%         N/A       100%        7
 Storm Form               Tmut/Air       13%        N/A       100%        7
 Summon Horrible Things   Summ           4%         N/A       100%        8


Dungeon Overview and Level Annotations

Branches:
Dungeon (11/15)            Temple (1/1) D:7            Lair (0/5) D:10
    Orc (2/2) D:10        Ossuary (visited)
    Elf: Orc:2

Altars:
Ashenzari
Cheibriados
Dithmenos
Elyvilon
Fedhas
Gozag
Hepliaklqana
Kikubaaqudgha
Makhleb
Nemelex Xobeh
Okawaru
Qazlal
Ru
Sif Muna
Trog
Uskayaw
Wu Jian
Xom
Yredelemnul
Zin
The Shining One

Shops:
Orc:2 *

Annotations:
D:8 1 runed translucent door, leafyfresh's ghost, novice NaDe
Temple 4 transporters
Orc:1 exclusion: 4 orange crystal statues


Innate Abilities, Weirdness & Mutations

You are a creature of crystalline ice.
You have a powerful freezing melee attack.
You are amphibious.
Your maximum health is increased.
Your armour is entirely melded.
You are incapable of wielding weapons or throwing items.
((You can breathe blasts of scalding, opaque steam.))
((Your pale cyan-grey scales are hard. (AC +8)))
You cannot fit into any form of body armour.
((You are cold-blooded and may be slowed by cold attacks.))
((You are immune to the effects of steam.))
((You have sharp fingernails.))
You have supernaturally acute eyesight. (SInv)
You have an increased reservoir of magic. (+10% MP)


Message History

The orc knight misses you.
You hit the orc. You freeze the orc.
The orc is heavily wounded.
You block the orc's attack.
The orc warrior hits you but does no damage.
The orc knight roars a battlecry!
The orc warlord goes into a battle-frenzy!
You pummel the orc!! You freeze the orc.
You kill the orc!
The orc warrior hits you from afar with a +0 glaive.
The orc warlord roars a battlecry!
The orc knight goes into a battle-frenzy!
The orc knight hits you with a +0 war axe!
The orc warrior hits you from afar with a +0 glaive!
The orc knight misses you.
You climb upwards.
Level annotation: exclusion: 4 orange crystal statues
There is a stone staircase leading down here.
You punch the orc knight! You freeze the orc knight.
The orc knight is moderately wounded.
You hit the orc knight. You freeze the orc knight.
The orc knight is moderately wounded.
The orc knight hits you with a +0 war axe!!
You punch the orc knight! You freeze the orc knight.
The orc knight is heavily wounded.
The orc knight hits you with a +0 war axe!
You are too injured to fight recklessly!
You are too injured to fight recklessly!
You are too injured to fight recklessly!
You hit the orc knight. You freeze the orc knight.
The orc knight is heavily wounded.
The orc knight hits you with a +0 war axe!!
* * * LOW HITPOINT WARNING * * *
You hit the orc knight. You freeze the orc knight.
The orc knight is severely wounded.
You block the orc knight's attack.
You barely miss the orc knight.
The orc knight is severely wounded.
The orc knight hits you with a +0 war axe!!!
You die...

....# ##...## ...## #.....#
..#.####..#..##
.....#....#...## ###
...............###.##
.......#........#...#
####...........##..## ###
..8#...........#.[..###.##
.#.#...#.......oY[...#...#
...#..#.............#...##
..$#................#..##
...#....##.............## ###
.#.#.....#..............###.##
..8#.#...##..#.........###...#
####.##.##.............##...##
......###.........#......#.##
.......###.......####......##


You could see an orc knight (strong).

Vanquished Creatures
  A two-headed ogre (Orc:2)
  Urug (D:10)
  3 orc sorcerers (Orc:1)
  An orc knight (Orc:1)
  2 cyclopes (D:11)
  The ghost of wingedge the Firebug, a novice DgWn (D:5)
  2 kobold demonologists (D:10)
  2 unseen horror zombies (D:8)
  A hornet (D:10)
  3 trolls
  16 yaks
  A shadow (D:10)
  A wyvern (D:10)
  3 vampire mosquitoes (D:9)
  2 wargs (Orc:1)
  Grum (D:9)
  A water moccasin (D:5)
  Duvessa (D:5)
  2 ice beasts
  A black bear (D:10)
  11 orc warriors
  4 wolves (D:9)
  A hornet zombie (D:8)
  7 ogres
  A sky beast (D:7)
  2 centaurs
  4 kobold brigands
  2 phantoms (D:10)
  3 elf zombies (Ossuary)
  5 scorpions
  4 bullfrogs
  A wyvern zombie (D:8)
  9 wights
  Dowan (D:5)
  17 killer bees
  2 electric eels
  3 howler monkeys (D:9)
  3 centaur zombies
  A hound (D:6)
  2 human zombies (Ossuary)
  9 orc priests
  4 sleepcaps
  An iguana (D:2)
  11 orc wizards
  2 killer bee zombies (D:8)
  8 ogre zombies (D:10)
  2 mummies (Ossuary)
  2 howler monkey zombies (D:8)
  Robin (D:4)
  5 adders
  3 shadow imps
  2 white imps
  2 adder zombies (Ossuary)
  2 worms
  4 dart slugs
  40 orcs
  7 ball pythons
  6 bats
  9 endoplasms
  6 giant cockroaches
  16 goblins
  10 hobgoblins
  7 jackals
  8 quokkas
  A frilled lizard (D:3)
  5 goblin zombies
  A hobgoblin skeleton (D:10)
  12 hobgoblin zombies
  A jackal zombie (Ossuary)
  29 kobolds
  10 kobold zombies (Ossuary)
  5 orc skeletons (D:10)
  20 orc zombies
  6 rats
386 creatures vanquished.

Notes
Turn   | Place    | Note
-------+----------+-------------------------------------------
     0 | D:1      | Arctor the Draconian Transmuter began the quest for the
                  | Orb.
     0 | D:1      | Reached XP level 1. HP: 16/16 MP: 3/3
     7 | D:1      | Noticed an iguana
     7 | D:1      | Noticed a wyvern
     7 | D:1      | Noticed an anaconda
     8 | D:1      | Noticed a black bear
     8 | D:1      | Noticed a wolf
   155 | D:1      | Reached XP level 2. HP: 23/23 MP: 5/5
   871 | D:1      | Reached XP level 3. HP: 29/29 MP: 3/6
   956 | D:1      | Learned a level 3 spell: Spider Form
  1821 | D:2      | Reached XP level 4. HP: 15/36 MP: 7/7
  1829 | D:2      | Learned a level 4 spell: Ice Form
  2861 | D:4      | Reached XP level 5. HP: 39/42 MP: 5/9
  3230 | D:4      | Got the Elucidation of the Band
  3258 | D:4      | Reached skill level 1 in Ice Magic
  3786 | D:4      | Noticed Robin
  3805 | D:4      | Killed Robin
  3973 | D:4      | Noticed an ogre
  4002 | D:5      | Entered Level 5 of the Dungeon
  4046 | D:5      | Noticed a water moccasin
  4060 | D:5      | Killed a water moccasin
  4061 | D:5      | Reached XP level 6. HP: 50/51 MP: 5/10
  4122 | D:5      | Found a broken altar of Ashenzari.
  4145 | D:5      | Found a runed translucent gate.
  4146 | D:5      | Found a runed translucent gate.
  4147 | D:5      | Noticed wingedge's ghost (novice DgWn)
  4148 | D:5      | Found a runed translucent gate.
  4160 | D:5      | Your scales start taking on a pale cyan-grey colour.
  4160 | D:5      | Reached XP level 7. HP: 53/57 MP: 3/12
  4160 | D:5      | Gained mutation: You are immune to the effects of steam.
                  | [Pale Draconian growth]
  4284 | D:5      | Noticed Dowan
  4285 | D:5      | Noticed Duvessa
  4298 | D:5      | Killed Dowan
  4301 | D:5      | Killed Duvessa
  4555 | D:5      | Found a sand-covered staircase.
  4573 | Ossuary  | Entered an ossuary
  4898 | Ossuary  | Reached XP level 8. HP: 52/66 MP: 4/14
  5350 | D:5      | Killed wingedge's ghost
  5351 | D:5      | Reached skill level 5 in Unarmed Combat
  5732 | D:6      | Reached skill level 5 in Fighting
  5732 | D:6      | Reached skill level 5 in Transmutations
  5859 | D:6      | Reached XP level 9. HP: 69/74 MP: 10/16
  5926 | D:6      | Gained mutation: You have sharp fingernails. [potion of
                  | mutation]
  5926 | D:6      | Gained mutation: You have an increased reservoir of magic.
                  | (+10% MP) [potion of mutation]
  5926 | D:6      | Gained mutation: You have supernaturally acute eyesight.
                  | (SInv) [potion of mutation]
  6042 | D:7      | Reached skill level 5 in Spellcasting
  6121 | D:7      | Found a shimmering altar of Xom.
  6280 | D:7      | Reached skill level 5 in Dodging
  6521 | D:7      | Found a staircase to the Ecumenical Temple.
  6550 | Temple   | Entered the Ecumenical Temple
  6550 | Temple   | Found a transporter.
  6550 | Temple   | Found a transporter.
  6569 | Temple   | Found a transporter.
  6569 | Temple   | Found a transporter.
  6663 | D:5      | Became a worshipper of Ashenzari the Shackled
  7005 | D:8      | Found a runed translucent door.
  7006 | D:8      | Noticed a seven-headed hydra
  7006 | D:8      | Noticed leafyfresh's ghost (novice NaDe)
  7066 | D:8      | Reached skill level 5 in Ice Magic
  7310 | D:8      | Reached XP level 10. HP: 84/84 MP: 17/20
  7567 | D:8      | Found a hide-covered altar of Uskayaw.
  9002 | D:9      | Noticed Grum
  9072 | D:9      | Reached skill level 1 in Evocations
  9168 | D:9      | Killed Grum
  9693 | D:9      | Reached XP level 11. HP: 92/92 MP: 20/23
  9880 | D:10     | Entered Level 10 of the Dungeon
 10185 | D:10     | Found a staircase to the Orcish Mines.
 10362 | D:10     | Noticed a sixfirhy
 10364 | D:10     | Reached skill level 1 in Throwing
 11211 | D:10     | Found a staircase to the Lair.
 11337 | D:10     | Noticed Urug
 11351 | D:10     | Killed Urug
 11736 | D:11     | Noticed a two-headed ogre
 11817 | Orc:1    | Entered Level 1 of the Orcish Mines
 11817 | Orc:1    | Found a burning altar of Makhleb.
 12085 | Orc:2    | Entered Level 2 of the Orcish Mines
 12085 | Orc:2    | Noticed a two-headed ogre
 12095 | Orc:2    | Killed a two-headed ogre
 12193 | Orc:2    | Noticed an orc knight
 12194 | Orc:2    | Noticed an orc sorcerer
 12494 | Orc:2    | Noticed an orc sorcerer
 12495 | Orc:2    | Noticed an orc sorcerer
 12898 | D:10     | Learned a level 2 spell: Blink
 12917 | Orc:1    | Killed an orc knight
 12961 | Orc:1    | Killed an orc sorcerer
 13194 | Orc:1    | Killed an orc sorcerer
 13483 | Orc:2    | Paralysed by an orc sorcerer for 2 turns
 13487 | Orc:2    | Noticed a sun demon
 13610 | Orc:1    | Found the +10 tower shield of Ignorance {rN+ Int-4}
 13614 | Orc:1    | Found a runed translucent door.
 13691 | Orc:1    | Found a runed translucent door.
 13698 | Orc:1    | Noticed an orange crystal statue
 13814 | Orc:1    | Noticed an orange crystal statue
 13814 | Orc:1    | Noticed an orange crystal statue
 13814 | Orc:1    | Noticed an orange crystal statue
 13876 | Orc:1    | Noticed an orc knight
 14099 | Orc:1    | Killed an orc sorcerer
 14100 | Orc:1    | Reached XP level 12. HP: 72/103 MP: 23/26
 14276 | Orc:2    | Found Ojem's General Store.
 14291 | Orc:2    | Noticed a two-headed ogre
 14299 | Orc:2    | Noticed an orc warlord
 14322 | Orc:1    | Mangled by an orc knight

Illustrated notes

Levels and vault maps discovered:
D:1:      onia_arrival_zoo_common, layout_loops_ring, kennysheep_another_room
D:2:      layout_basic, nicolae_concentric_dashed_squares_mild,
          minmay_divided_ellipse
D:3:      cheibrodos_old_hovel, layout_rooms
D:4:      layout_gridville, uniq_robin
D:5:      layout_cave_pools, evilmike_ruin_ashenzari,
          nicolae_ossuary_entry_monument, gammafunk_ghost_nasty_kobolds,
          minivault_24, uniq_duvessa
D:6:      layout_gridville, kennysheep_generic_room_11
D:7:      layout_rooms, xom_teletrap_fun, minmay_temple_entry_ruins,
          chequers_arboretum, minivault_23, fountainhead
D:8:      layout_rooms, eat_drink_and_be_merry_uskayaw,
          ebering_ghost_inner_flame, serial_undead, serial_undead_e,
          serial_undead_f, serial_undead_a, serial_undead_a
D:9:      layout_roguey, nicolae_benzene_ring, uniq_grum
D:10:     layout_basic, grunt_lair_entry_orc_guard_hut, zombieorc2_lemuel,
          uniq_urug
D:11:     kennysheep_six_static_rooms, layout_basic, disabler_island
Temple:   hellmonk_temple_divided_pantheon
Orc:1:    layout_caves, basic_altar, chequers_guarded_unrand_ignorance
Orc:2:    grunt_orc_gardens, layout_diamond_mine, grunt_orc_garden,
          grunt_orc_garden, grunt_orc_garden, grunt_orc_garden, basic_altar,
          serial_shops, nicolae_square_shop, gauntlet_entry_generic

Skill      XL: |  1  2  3  4  5  6  7  8  9 10 11 |
---------------+----------------------------------+-----
Dodging        | 2 3 4 5 6 7 |  7.7
Fighting       | 2 3 4 5 6 7 8 |  8.7
Ice Magic      | 1 2 3 4 5 6 |  6.1
Transmutations | 3 4 5 6 7 8 |  8.3
Spellcasting   | 3 4 5 6 7 |  7.7
Unarmed Combat | 4 5 6 7 8 |  8.5
Evocations     | 1 4 |  4.5
Throwing       | 3 |  3.0

Action                     |  1- 3 |  4- 6 |  7- 9 | 10-12 || total
---------------------------+-------+-------+-------+-------++-------
  Melee: Unarmed           |   143 |   186 |   354 |   607 ||  1290
         Kick              |    24 |    11 |       |       ||    35
         Headbutt          |    11 |     6 |       |       ||    17
         Tailslap          |    12 |     7 |     4 |     2 ||    25
         Punch             |       |     2 |       |       ||     2
  Throw: Boomerang         |       |       |     1 |       ||     1
   Cast: Beastly Appendage |    48 |    12 |       |       ||    60
         Spider Form       |       |    18 |    19 |     1 ||    38
         Ice Form          |       |       |    17 |    51 ||    68
Ability: Breathe Steam     |       |       |     2 |       ||     2
    Use: Potion            |       |     3 |     4 |     1 ||     8
         Scroll            |       |     5 |     6 |     7 ||    18
   Stab: Sleeping          |     1 |       |       |     1 ||     2
 Armour: Skin              |    37 |    34 |    36 |   134 ||   241
  Dodge: Dodged            |   108 |   183 |   229 |   583 ||  1103
  Block: Other             |       |    56 |    71 |   151 ||   278
         Reflection        |       |     3 |       |    10 ||    13
